 Dungeon Crawl Stone Soup version 0.26.0-18-gc5c842f807 (webtiles) character file.

Game seed: 5519432261893769685

861 kaeus the Firebug (level 8, -5/41 HPs)
             Began as a Gargoyle Fire Elementalist on Jan 23, 2021.
             Slain by a soldier ant (8 damage)
             ... on level 4 of the Dungeon.
             The game lasted 00:08:22 (6747 turns).

kaeus the Firebug (Gargoyle Fire Elementalist)      Turns: 6747, Time: 00:08:22

Health: -5/41      AC: 11    Str: 13    XL:     8   Next: 2%
Magic:  10/14      EV: 11    Int: 17    God:
Gold:   226        SH:  0    Dex: 10    Spells: 10/15 levels left

rFire    . . .     SeeInvis .   c - +0 dagger
rCold    . . .     Faith    .   (no shield)
rNeg     + . .     Spirit   .   y - +0 leather armour
rPois    ∞         Reflect  .   (no helmet)
rElec    +         Harm     .   v - +0 cloak
rCorr    .         Rampage  .   d - +0 pair of gloves
Will     .....                  w - +0 pair of boots
Stlth    ++........             (no amulet)
HPRegen  0.13/turn              (no ring)
MPRegen  0.14/turn              (no ring)

@: no status effects
A: negative energy resistance 1, electricity resistance, unbreathing,
petrification resistance, miasma immunity, AC +5
a: no special abilities


You were on level 4 of the Dungeon.
You visited 1 branch of the dungeon, and saw 5 of its levels.

You collected 226 gold pieces.

Inventory:

Hand Weapons
 c - a +0 dagger (weapon)
Armour
 b - a +0 kite shield
 d - a +0 pair of gloves (worn)
 v - a +0 cloak (worn)
 w - a +0 pair of boots (worn)
 y - a +0 leather armour (worn)
Scrolls
 e - 3 scrolls of fear {unknown}
 h - 7 scrolls of identify {unknown}
 i - 3 scrolls of teleportation {unknown}
 l - a scroll of fog {unknown}
 n - 2 scrolls of magic mapping {unknown}
 p - 3 scrolls of remove curse {unknown}
 q - 2 scrolls of enchant weapon {unknown}
 r - 3 scrolls of immolation {unknown}
 s - 2 scrolls of blinking {unknown}
Potions
 g - a potion of heal wounds {unknown}
 j - 2 potions of haste
 k - 2 potions of ambrosia {unknown}
 m - a potion of might
 o - a potion of invisibility {unknown}
 t - a potion of lignification {unknown}
 u - a potion of flight
 x - a potion of brilliance {unknown}


   Skills:
 - Level 1.5 Dodging
 - Level 2.1 Stealth
 + Level 4.4 Spellcasting
 + Level 4.7 Conjurations
 * Level 6.9 Fire Magic


You had 10 spell levels left.
You knew the following spells:

 Your Spells              Type           Power        Failure   Level
a - Foxfire               Conj/Fire      92%          1%          1
b - Sticky Flame          Conj/Fire      23%          17%         4

Your spell library contained the following spells:

 Spells                   Type           Power        Failure   Level
 Conjure Flame            Conj/Fire      23%          5%          3
 Inner Flame              Hex/Fire       15%          14%         3
 Passwall                 Tmut/Erth      2%           28%         2
 Swiftness                Air            3%           28%         2
 Fireball                 Conj/Fire      11%          43%         5
 Passage of Golubria      Tloc           N/A          88%         4
 Lee's Rapid Deconstruct  Erth           1%           99%         5
 Invisibility             Hex            3%           100%        6


Dungeon Overview and Level Annotations

Branches:
Dungeon (5/15)
 Temple: D:4-7

Altars:
Elyvilon
Uskayaw

Shops:
D:4 :

Annotations:
D:5 Grinder


Innate Abilities, Weirdness & Mutations

You are resistant to torment.
Your stone body is resilient. (AC +5)
You are immune to poison.
You resist negative energy. (rN+)
You are resistant to electric shocks. (rElec)
You can survive without breathing.
You are immune to petrification.
You are immune to miasma.


Message History

The foxfire hits the soldier ant but does no damage.
The soldier ant is heavily wounded.
The foxfire hits the soldier ant but does no damage.
The soldier ant is heavily wounded.
The soldier ant stings you.
* * * LOW HITPOINT WARNING * * *
You take 3 damage, and have 2/41 hp.
Casting: Foxfire (safe; 1% risk of failure)
Confirm with . or Enter, or press ? or * to list all spells.
You conjure some foxfire!
The soldier ant stings you but does no damage.
You now have 10/14 mp.
You hit the soldier ant but do no damage.
The soldier ant is heavily wounded.
The foxfire hits the soldier ant.
The soldier ant is heavily wounded.
The foxfire hits the soldier ant.
The soldier ant is severely wounded.
The soldier ant stings you!
You die...

...#.##..#### #.#..#####
..##....## #########........#
...##...####...<.....#.#....#
##...........#.....###...####
.####...###.#..######...##
..###.#.......######...##
#.#...#....#.....).>..##
#...##....#.....B.....#
##..##..#.#...<.@.....#
........#........§....#
........##............#
.##..#####............#
..#...##...#.##.#####.# ######
#...#....###.##.# ##.# #....#
##.......###.##.####..####....#
...#####......................#
#### #.........###..........#


You could see a soldier ant.

Vanquished Creatures
  The ghost of Gadfly the Magician, a novice DEIE (D:4)
  An ice beast (D:5)
  A phantom (D:5)
  An ogre (D:4)
  A scorpion (D:4)
  A howler monkey (D:4)
  A hound (D:4)
  3 worker ants
  7 adders
  An ooze (D:1)
  An adder skeleton (D:4)
  An adder zombie (D:4)
  4 worms
  3 dart slugs
  A leopard gecko (D:3)
  13 orcs
  5 giant cockroaches
  6 goblins
  6 hobgoblins
  4 jackals
  5 quokkas
  2 ball pythons (D:3)
  3 bats
  5 frilled lizards
  8 kobolds
  A quokka zombie (D:3)
  4 rats
90 creatures vanquished.

Vanquished Creatures (others)
  321 foxfires
321 creatures vanquished.

Grand Total: 411 creatures vanquished

Notes
Turn   | Place    | Note
-------+----------+-------------------------------------------
     0 | D:1      | kaeus the Gargoyle Fire Elementalist began the quest for
                  | the Orb.
     0 | D:1      | Reached XP level 1. HP: 10/10 MP: 3/3
   458 | D:1      | Reached XP level 2. HP: 15/15 MP: 0/5
  1299 | D:1      | Reached XP level 3. HP: 19/19 MP: 0/6
  2177 | D:1      | Reached XP level 4. HP: 23/24 MP: 4/7
  2180 | D:1      | Reached skill level 4 in Fire Magic
  3420 | D:2      | Learned a level 4 spell: Sticky Flame
  4395 | D:3      | Reached XP level 5. HP: 28/28 MP: 4/9
  4962 | D:3      | Found a white marble altar of Elyvilon.
  5344 | D:4      | Noticed a +0 dagger
  5346 | D:4      | Noticed a +0 hand axe
  5370 | D:4      | Found Ufid's Book Boutique.
  5425 | D:4      | Reached skill level 5 in Fire Magic
  5425 | D:4      | Reached XP level 6. HP: 21/32 MP: 4/10
  5617 | D:4      | Found a runed translucent gate.
  5618 | D:4      | Found a runed translucent gate.
  5618 | D:4      | Found a runed translucent gate.
  5618 | D:4      | Noticed Gadfly's ghost (novice DEIE)
  5662 | D:4      | Killed Gadfly's ghost
  5663 | D:4      | Reached skill level 6 in Fire Magic
  5663 | D:4      | Reached XP level 7. HP: 6/36 MP: 5/13
  6282 | D:4      | Found a hide-covered altar of Uskayaw.
  6399 | D:5      | Entered Level 5 of the Dungeon
  6399 | D:5      | Noticed Grinder
  6516 | D:5      | Reached XP level 8. HP: 31/41 MP: 2/14
  6735 | D:5      | HP: 2/41 [soldier ant (3)]
  6745 | D:4      | HP: 2/41 [soldier ant (3)]
  6747 | D:4      | Slain by a soldier ant

Illustrated notes

Levels and vault maps discovered:
D:1:      dpeg_arrival_arbitrary_c, layout_basic
D:2:      layout_rooms
D:3:      layout_rooms, elyvilon_altar_3
D:4:      layout_rooms, dancing_weapons_uskayaw, ebering_ghost_rock_garden,
          serial_shops, shop, kennysheep_generic_room_8
D:5:      layout_loops_ring, bloody_trog, old_standard_altar,
          gammafunk_temple_overflow_arena, serial_shops, nicolae_shop_crystal,
          ebering_ghost_rock_garden, uniq_grinder

Skill      XL: |  1  2  3  4  5  6 |
---------------+-------------------+-----
Conjurations   | 2 3 4 |  4.7
Fire Magic     | 4 5 6 |  6.9
Spellcasting   | 3 4 |  4.4
Dodging        | |  1.5
Stealth        | |  2.1

Action                   |  1- 3 |  4- 6 |  7- 9 || total
-------------------------+-------+-------+-------++-------
Melee: Club              |    11 |       |       ||    11
       Dagger            |    53 |   139 |    41 ||   233
       Unarmed           |     3 |       |       ||     3
 Cast: Foxfire           |    39 |   137 |    55 ||   231
  Use: Potion            |       |     3 |     4 ||     7
 Stab: Sleeping          |     1 |     1 |       ||     2
Armor: Robe              |    46 |    33 |       ||    79
       Leather armour    |       |    22 |    16 ||    38
Dodge: Dodged            |    67 |    74 |    17 ||   158
Block: Kite shield       |    31 |    29 |       ||    60
